 Dungeon Crawl Stone Soup version 0.29.1-12-g30fa7ad0bf (webtiles) character file.

Game seed: 17285080916669149864

49 MisterFreud the Ducker (level 3, -7/17 HPs)
             Began as a Felid Berserker on Dec 17, 2022.
             Was a Believer of Trog.
             Engulfed by a cloud of flame (11 damage)
             ... on level 2 of the Dungeon.
             The game lasted 00:01:43 (1707 turns).

MisterFreud the Ducker (Felid Berserker)            Turns: 1707, Time: 00:01:43

Health: -7/17      AC:  5    Str: 13    XL:     3   Next: 53%
Magic:  4/4        EV: 18    Int:  8    God:    Trog [**....]
Gold:   86         SH:  0    Dex: 17    Spells: 2/2 levels left
                                        Lives:  0   Deaths: 0

rFire   . . .      SeeInvis +     - Unarmed
rCold   . . .      Faith    .   (shield unavailable)
rNeg    . . .      Spirit   .   (body armour unavailable)
rPois   .          Reflect  .   (helmet unavailable)
rElec   .          Harm     .   (cloak unavailable)
rCorr   .          Rampage  .   (gloves unavailable)
Will    .....                   (boots unavailable)
Stlth   ++........              (no amulet)
HPRegen 0.05/turn               f - +4 ring of protection
MPRegen 0.09/turn               (no ring)

@: quick
A: very small, claws 1, fangs 3, see invisible, speed 1, shaggy fur 1, stealthy
paws, no weapons or thrown items, no armour, multi-lived
a: Renounce Religion, Berserk, Trog's Hand


You were on level 2 of the Dungeon.
You worshipped Trog.
Trog was pleased with you.
You visited 1 branch of the dungeon, and saw 2 of its levels.

You collected 86 gold pieces.

Inventory:

Jewellery
 f - a +4 ring of protection (left paw)
Scrolls
 a - a scroll of fear
 b - 3 scrolls of identify
Potions
 d - 2 potions of brilliance
 e - a potion of mutation {unknown}


   Skills:
 - Level 3.0 Fighting
 - Level 4.0 Dodging
 + Level 3.2 Stealth
 + Level 3.9 Unarmed Combat


You had 2 spell levels left.
You didn't know any spells.
Your spell library was empty.

Dungeon Overview and Level Annotations

Branches:
Dungeon (2/15)

Altars:


Innate Abilities, Weirdness & Mutations

You have sharp claws.
You have razor-sharp teeth.
You have supernaturally acute eyesight. (SInv)
You cover ground quickly. (Speed+)
You are covered in fur. (AC +1)
Your paws help you pounce on unaware monsters.
You are incapable of wielding weapons or throwing items.
You cannot wear armour.
You gain extra lives every three experience levels.


Message History

g - a scroll labelled WUECWY NOUWA No target in view!
A kobold comes into view. It is wielding a +0 dagger.
A kobold is nearby!
The helpless kobold fails to defend itself.
You mangle the kobold!!
You kill the kobold!
Trog accepts your kill.
Key pressed, stopping explore.
No target in view!
No target in view!
h - a scroll labelled XIREYTW ITSUE No target in view!
No target in view!
As you read the scroll labelled MOTHEKH CALAE, it crumbles to dust.
You hear the tinkle of a tiny bell.
It was a scroll of butterflies.
As you read the scroll labelled WUECWY NOUWA, it crumbles to dust.
The creatures around you are filled with an inner flame!
It was a scroll of immolation.
The air fills with toxic fumes!
As you read the scroll labelled XIREYTW ITSUE, it crumbles to dust.
It was a scroll of poison.
Your butterfly is poisoned.
You swap places.
Found a stone staircase leading down.
Your butterfly disappears in a burst of colours!
Your butterfly explodes!
The fiery explosion engulfs your butterfly!!
Your butterfly disappears in a burst of colours!
Your butterfly explodes!
The fiery explosion engulfs your butterfly!!
Your butterfly disappears in a burst of colours!
Your butterfly explodes!
The fiery explosion engulfs you!
Ouch! That really hurt!
* * * LOW HITPOINT WARNING * * *
Unknown command.
Unknown command.
You are engulfed in blazing flames.
Ouch! That really hurt!
You die...

# #.#####.#########
#. #######
#.##.##§§.......# #.
......#
#.##.##§####....# #.
#####.# #)##.##§#
..# #. #.# #.##.##§#
# #. #.# #.##.##§#
#.
#####.####.##.##§#
###.
...>.......##.##§#
#...
#####.#######.##@#
#... #
#.####....##bb..>...
#... #
#.......#########...
#... #
#######.........#
#... # #.#######.#
####... # #.# #.#
#.....† #
#.#######.# #.#####
# #.......#.# #.# #
############.#.#
#.####


There were no monsters in sight!

Vanquished Creatures
  An adder (D:2)
  5 endoplasms
  3 giant cockroaches
  2 goblins
  3 hobgoblins
  4 jackals (D:2)
  5 kobolds
  3 quokkas
  3 ball pythons
  2 bats (D:1)
  A frilled lizard (D:1)
  6 rats
38 creatures vanquished.

Notes
Turn   | Place    | Note
-------+----------+-------------------------------------------
     0 | D:1      | MisterFreud the Felid Berserker began the quest for the
                  | Orb.
     0 | D:1      | Reached XP level 1. HP: 10/10 MP: 2/2
    59 | D:1      | Reached skill level 1 in Stealth
   163 | D:1      | Reached XP level 2. HP: 14/14 MP: 3/3
  1019 | D:2      | Reached XP level 3. HP: 17/17 MP: 4/4
  1623 | D:2      | Reached ** piety under Trog
  1707 | D:2      | Engulfed by a cloud of flame

Illustrated notes

Levels and vault maps discovered:
D:1:      dpeg_arrival_tiny_f, layout_loops_ring
D:2:      layout_basic

Skill      XL: |  1  2  3 |
---------------+----------+-----
Stealth        | 1 2 3 |  3.2
Fighting       | |  3.0
Dodging        | |  4.0
Unarmed Combat | |  3.9

Action                   || total
-------------------------++-------
Melee: Unarmed           ||    84
       Bite              ||     3
       Punch             ||     2
  Use: Scroll            ||    10
 Stab: Sleeping          ||     6
Armor: Skin              ||    10
Dodge: Dodged            ||    56
